 Dungeon Crawl Stone Soup version 0.23-a0-175-g97aacdb (webtiles) character file.

221499 grindst0ne the Tortoise (level 18, -2/151 HPs)
             Began as a Mummy Gladiator on Sept 13, 2018.
             Was an Initiate of Gozag.
             Slain by a death yak (5 damage)
             ... led by Polyphemus
             ... on level 3 of the Shoals on Sept 16, 2018.
             The game lasted 01:39:37 (46589 turns).

grindst0ne the Tortoise (Mummy Gladiator)          Turns: 46589, Time: 01:39:38

Health: -2/151     AC: 27    Str: 26    XL:     18   Next: 50%
Magic:  23/23      EV:  2    Int:  9    God:    Gozag
Gold:   5230       SH:  0    Dex: 15    Spells: 17/17 levels left

rFire    x . .     SeeInvis .   y - +8 dire flail of Zoclonus {freeze, rElec Str+4}
rCold    + + .     Gourm    .   (shield currently unavailable)
rNeg     + + +     Faith    .   X - +1 plate armour {MR+}
rPois    ∞         Spirit   .   g - +2 hat of Fun {rC+ MR+ Regen+}
rElec    +         Reflect  +   O - scarf {repulsion}
rCorr    .         Harm     .   P - +3 pair of gauntlets of War {Slay+5}
MR       +++++                  v - +1 pair of boots
Stlth    ..........             p - +2 amulet of reflection
HPRegen  0.75/turn              u - +3 ring of evasion
MPRegen  0.18/turn              e - ring of protection from magic

@: petrified, gold aura, repel missiles
A: no food or potions, fire vulnerability, cold resistance 1, negative energy
resistance 3, torment resistance, unbreathing, in touch with death 1
}: 1/15 runes: gossamer
a: Potion Petition, Call Merchant, Bribe Branch, Renounce Religion


You were on level 3 of the Shoals.
You worshipped Gozag.
Gozag was greatly pleased with you.
You were not hungry.

You visited 6 branches of the dungeon, and saw 31 of its levels.
You also visited: Sewer and Ice Cave.

You collected 13015 gold pieces.
You spent 3582 gold pieces at shops.
You paid 4203 gold pieces to Gozag.

Inventory:

Hand Weapons
 w - a +4 eveningstar of pain
 y - the +8 dire flail of Zoclonus (weapon) {freeze, rElec Str+4}
   (You bought it in a shop on level 2 of the Orcish Mines)

   It has been specially enchanted to freeze those struck by it, causing extra
   injury to most foes and up to half again as much damage against particularly
   susceptible opponents.
   It can also slow down cold-blooded creatures.
   It affects your strength (+4).
   It insulates you from electricity.
 M - a +2 great mace of protection
Missiles
 d - 5 throwing nets (quivered)
Armour
 g - the +2 hat of Fun (worn) {rC+ MR+ Regen+}
   (You acquired it on level 15 of the Dungeon)

   It protects you from cold.
   It affects your resistance to hostile enchantments.
   It increases your rate of regeneration.
 h - a +2 shield of poison resistance
 n - a +0 plate armour of cold resistance
 q - a +0 chain mail of fire resistance
 t - the +0 Maxwell's etheric cage {RegenMP+ *Contam rElec MP+4}
   (You acquired it on level 6 of the Lair of Beasts)

   It insulates you from electricity.
   It affects your magic capacity (+4).
   It causes magical contamination when unequipped.
 v - a +1 pair of boots (worn)
 L - a +2 hat of magic resistance
 O - a scarf of repulsion (worn)
 P - the +3 pair of gauntlets of War (worn) {Slay+5}
   (You acquired it on level 2 of the Spider Nest)

   It affects your accuracy and damage with ranged weapons and melee attacks
   (+5).
 W - a +0 shield
 X - a +1 plate armour of magic resistance (worn)
Jewellery
 c - an uncursed ring of flight
 e - a ring of protection from magic (right hand)
 p - a +2 amulet of reflection (around neck)
 u - a +3 ring of evasion (left hand)
 G - an uncursed ring of see invisible
 T - an uncursed ring of protection from fire
Wands
 b - a wand of enslavement (33)
 i - a wand of random effects (16)
 m - a wand of disintegration (21)
 r - a wand of digging (18)
 s - a wand of flame (57)
 E - a wand of paralysis (14)
 I - a wand of scattershot (4)
 K - a wand of iceblast (3)
 N - a wand of polymorph (8)
 S - a wand of acid (5)
Scrolls
 a - 3 scrolls of amnesia
 f - 14 scrolls of remove curse
 k - 5 scrolls of enchant armour
 l - 4 scrolls of fear
 o - 12 scrolls of teleportation
 x - 5 scrolls of blinking
 z - 3 scrolls of brand weapon
 A - 4 scrolls of enchant weapon
 B - 7 scrolls of magic mapping
 C - 2 scrolls of silence
 D - a scroll of fog
 F - 2 scrolls of holy word
 J - a scroll of torment
 R - 3 scrolls of identify
 V - a scroll of vulnerability
Miscellaneous
 j - a lamp of fire (inert)
 H - 2 boxes of beasts
 Q - a phial of floods
 U - a sack of spiders


   Skills:
 - Level 16.0 Fighting
 - Level 14.0 Maces & Flails
 - Level 1.5 Throwing
 + Level 16.2 Armour
 + Level 11.4 Dodging
 + Level 7.8 Evocations


You had 17 spell levels left.
You didn't know any spells.
Your spell library contained the following spells:

 Spells                   Type           Power        Failure   Level  Hunger
 Animate Skeleton         Necr           N/A          95%         1    N/A
 Apportation              Tloc           #.....       95%         1    N/A
 Confusing Touch          Hex            #.....       95%         1    N/A
 Corona                   Hex            #......      95%         1    N/A
 Flame Tongue             Conj/Fire      #....        95%         1    N/A
 Magic Dart               Conj           #...         95%         1    N/A
 Summon Small Mammal      Summ           #...         95%         1    N/A
 Call Imp                 Summ           #.......     98%         2    N/A
 Ensorcelled Hibernation  Hex/Ice        #.....       98%         2    N/A
 Throw Flame              Conj/Fire      #.....       98%         2    N/A
 Call Canine Familiar     Summ           #.......     100%        3    N/A
 Confuse                  Hex            #.......     100%        3    N/A
 Conjure Flame            Conj/Fire      #.......     100%        3    N/A
 Dazzling Spray           Conj/Hex       #.....       100%        3    N/A
 Gell's Gravitas          Tloc           #.........   100%        3    N/A
 Inner Flame              Hex/Fire       #.......     100%        3    N/A
 Mephitic Cloud           Conj/Pois/Air  #.......     100%        3    N/A
 Summon Guardian Golem    Hex/Summ       #.......     100%        3    N/A
 Tukima's Dance           Hex            #.......     100%        3    N/A
 Fulminant Prism          Conj/Hex       #.........   100%        4    N/A
 Leda's Liquefaction      Hex/Erth       #.........   100%        4    N/A
 Petrify                  Tmut/Erth      #.......     100%        4    N/A
 Sticky Flame             Conj/Fire      #.......     100%        4    N/A
 Summon Ice Beast         Ice/Summ       #.......     100%        4    N/A
 Summon Lightning Spire   Summ/Air       #.......     100%        4    N/A
 Aura of Abjuration       Summ           #.........   100%        5    N/A
 Bolt of Draining         Conj/Necr      #.........   100%        5    N/A
 Bolt of Magma            Conj/Fire/Erth #.........   100%        5    N/A
 Fireball                 Conj/Fire      #.........   100%        5    N/A
 Metabolic Englaciation   Hex/Ice        #.........   100%        5    N/A
 Silence                  Hex/Air        #.........   100%        5    N/A
 Yara's Violent Unravell  Hex/Tmut       #.........   100%        5    N/A
 Invisibility             Hex            #.......     100%        6    N/A

Dungeon Overview and Level Annotations

Branches:
Dungeon (15/15)            Temple (1/1) D:6            Lair (6/6) D:10
 Shoals (3/4) Lair:4       Spider (4/4) Lair:3        Slime (0/5) Lair:6
    Orc (2/2) D:11            Elf (0/3) Orc:2        Vaults (0/5) D:14
 Depths (0/5) D:15

Altars:
Ashenzari
Cheibriados
Dithmenos
Elyvilon
Fedhas
Gozag
Hepliaklqana
Makhleb
Nemelex Xobeh
Okawaru
Qazlal
Sif Muna
Trog
Uskayaw
Vehumet
Xom
Yredelemnul
The Shining One
Jiyva

Shops:
D:4 [   D:5 (   D:12 *   Orc:1 ?   Orc:2 ((!?   Shoals:1 *   Shoals:2 *
Shoals:3 *

Annotations:
D:5 exclusion: downstairs
D:7 exclusion: downstairs
D:10 exclusion: downstairs
D:11 3 runed doors, Onwoduhi's ghost, journeyman MiBe
Lair:1 exclusion: downstairs
Lair:5 exclusion: downstairs
Spider:4 TheNamelessOne's ghost, adept TeAE


Innate Abilities, Weirdness & Mutations

You do not eat or drink.
Your flesh is vulnerable to fire.
You are immune to poison.
Your flesh is cold resistant. (rC+)
You are immune to negative energy. (rN+++)
You are immune to unholy pain and torment.
You can survive without breathing.
You are in touch with the powers of death.


Message History

* * * LOW HITPOINT WARNING * * *
The death yak gores you!
* * * LOW HITPOINT WARNING * * *
You are engulfed in calcifying dust.
The death yak is engulfed in calcifying dust.
The death yak gores you.
* * * LOW HITPOINT WARNING * * *
The catoblepas gores you!
* * * LOW HITPOINT WARNING * * *
The death yak gores you.
* * * LOW HITPOINT WARNING * * *
The death yak gores you but does no damage.
You are engulfed in calcifying dust.
The death yak gores you!
* * * LOW HITPOINT WARNING * * *
The catoblepas gores you!!
* * * LOW HITPOINT WARNING * * *
The death yak is distracted by the nearby gold.
The death yak gores you!
You die...
Your body crumbles into a pile of gold.

≈...≈≈≈ #.≈≈≈≈≈Y≈Y≈≈≈≈≈≈≈≈
≈≈≈≈≈≈. #.≈≈.≈≈≈≈≈≈≈≈≈≈≈≈≈
.≈≈≈≈≈. #.≈≈≈≈≈≈≈≈≈≈≈≈≈≈≈≈
≈≈≈≈≈≈.. ##.≈≈..(≈..≈≈≈≈≈≈≈≈
...≈≈≈..####..(.§Y≈.##.≈≈≈≈≈≈≈
..≈......##..Y.###.##..≈≈≈≈≈≈≈
......≈≈..>....# ####..≈≈≈≈≈≈≈
≈...≈≈≈≈≈......###...<.≈≈≈≈≈≈≈
≈.....≈≈≈≈≈).§§Y@Y...≈≈≈≈≈≈≈≈≈
≈..≈...≈≈≈≈≈≈..YYY!≈≈≈≈≈≈≈≈≈≈≈
≈≈≈.....≈≈≈≈≈....≈≈≈≈≈≈≈≈≈≈≈≈≈
≈≈≈...#....≈≈≈((≈≈≈≈≈≈≈≈≈≈≈≈≈≈
≈≈≈≈.......≈≈≈≈≈≈≈≈≈≈≈≈≈≈≈≈≈≈≈
........##...≈≈≈≈≈≈≈≈≈≈≈≈≈≈≈≈≈
.≈.....##...≈≈≈≈.≈≈≈≈≈≈≈≈≈≈≈
.≈≈..##....≈≈≈≈≈..≈≈≈≈≈≈≈
≈≈..##.....≈..≈..≈≈≈≈≈≈≈


You could see 4 death yaks and a catoblepas.

Vanquished Creatures
  Rupert (D:13)
  Polyphemus (Shoals:3)
  Frances (Spider:1)
  A frost giant (IceCv)
  6 ghost moths
  Louise (Spider:1)
  14 emperor scorpions
  A stone giant (Orc:2)
  3 entropy weavers
  A spark wasp (Spider:3)
  2 merfolk javelineers (Shoals:3)
  An ettin (Orc:2)
  4 merfolk impalers
  A fire dragon (Lair:6)
  5 hydras
  A vault guard (D:14)
  6 centaur warriors
  A satyr (Shoals:3)
  3 two-headed ogres
  A queen ant (Spider:1)
  An ogre mage (D:14)
  Urug (D:13)
  3 orc high priests (Orc:2)
  A vampire mage (D:15)
  A tengu warrior (D:13)
  13 death yaks
  8 sea snakes
  3 unseen horrors
  A swamp dragon (Lair:6)
  A glowing orange brain (shapeshifter) (D:13)
  2 skeletal warriors (D:15)
  6 orc knights
  A necromancer (D:15)
  25 harpies
  14 ugly things
  An oklob plant (Lair:6)
  33 wolf spiders
  23 elephants
  A shadow dragon skeleton (D:15)
  8 cyclopes
  14 manticores
  5 merfolk sirens
  29 orb spiders
  5 orc sorcerers (Orc:2)
  2 water nymphs (Shoals:3)
  An ice statue (IceCv)
  A guardian serpent (Lair:6)
  3 moths of wrath
  3 torpor snails
  3 centaur zombies
  3 gargoyles
  11 black mambas
  4 rime drakes (Lair:6)
  18 spiny frogs
  5 komodo dragons
  A kobold demonologist (D:11)
  A yaktaur (D:13)
  12 demonic crawlers
  A tengu conjurer (D:15)
  A wind drake (Shoals:3)
  13 polar bears
  A polar bear (shapeshifter) (D:15)
  30 jumping spiders
  5 trolls
  A spriggan skeleton (D:15)
  15 merfolk
  7 hornets
  5 slime creatures (D:13)
  8 blink frogs
  12 hippogriffs
  25 dream sheep
  4 snapping turtles
  An ice dragon zombie (D:15)
  84 redbacks
  49 yaks
  An ettin skeleton (D:15)
  A shadow (D:14)
  15 wyverns
  5 water elementals
  39 tarantellas
  A basilisk (shapeshifter) (Spider:1)
  A vampire (D:15)
  A spriggan (D:9)
  A wraith (D:15)
  6 basilisks
  6 steam dragons
  3 vampire mosquitoes (D:14)
  5 wargs
  3 hungry ghosts
  21 soldier ants
  2 acid dragons
  18 water moccasins
  6 porcupines
  2 swamp drakes (Lair:6)
  27 orc warriors
  2 ice beasts
  6 sky beasts
  3 black bears
  A phantom (D:8)
  10 ogres
  An eye of draining (D:11)
  2 necrophages
  13 wolves
  14 centaurs
  A big kobold (D:9)
  11 crocodiles
  17 bullfrogs
  A wyvern zombie (D:7)
  A gnoll sergeant (D:10)
  A wyvern skeleton (D:14)
  8 scorpions
  4 killer bees (D:12)
  A water moccasin skeleton (D:7)
  12 wights
  4 electric eels
  A howler monkey (D:4)
  A vampire bat (Orc:2)
  2 bullfrog zombies
  3 crimson imps
  2 quasits
  10 hounds
  4 jellies
  20 orc priests
  6 centaur skeletons
  26 orc wizards
  3 bullfrog skeletons
  Terence (D:3)
  11 iguanas
  29 worker ants
  3 hound zombies
  2 howler monkey zombies
  A worker ant zombie (D:7)
  Robin (D:3)
  9 gnolls
  A howler monkey skeleton (D:10)
  16 adders
  2 river rats (Sewer)
  4 shadow imps
  An adder skeleton (D:4)
  6 worms
  A dart slug (D:1)
  8 leopard geckos
  82 orcs
  5 giant cockroaches
  21 goblins
  6 hobgoblins
  10 jackals
  3 quokkas
  13 ball pythons
  14 bats
  4 frilled lizards
  29 kobolds
  A quokka skeleton (D:4)
  29 rats
  A fungus (Lair:5)
  2 plants
1256 creatures vanquished.

Vanquished Creatures (others)
  A rime drake (Lair:6)
  2 redbacks (Spider:4)
  2 orc wizards (D:4)
  23 fungi
  24 plants
  2 withered plants (D:15)
54 creatures vanquished.

Grand Total: 1310 creatures vanquished

Notes
Turn   | Place    | Note
-------+----------+-------------------------------------------
     0 | D:1      | grindst0ne the Mummy Gladiator began the quest for the Orb.
     0 | D:1      | Reached XP level 1. HP: 16/16 MP: 1/1
    54 | D:1      | Reached XP level 2. HP: 12/23 MP: 2/2
   950 | D:2      | Reached XP level 3. HP: 28/29 MP: 3/3
  1846 | D:2      | Reached XP level 4. HP: 35/37 MP: 4/4
  2168 | D:3      | Noticed Robin
  2207 | D:3      | Killed Robin
  2616 | D:3      | Reached XP level 5. HP: 43/43 MP: 5/5
  2685 | D:3      | Noticed Terence
  2706 | D:3      | Killed Terence
  3377 | D:4      | Reached skill level 5 in Fighting
  3574 | D:4      | Reached XP level 6. HP: 38/51 MP: 6/6
  3731 | D:4      | Found Yzeas's Antique Armour Boutique.
  3753 | D:4      | Bought a runed shield for 225 gold pieces
  3814 | D:4      | Found a glowing drain.
  3835 | Sewer    | Entered a sewer
  5072 | D:5      | Entered Level 5 of the Dungeon
  5124 | D:5      | Found Exynozosch's Antique Weapon Emporium.
  5317 | D:5      | Reached XP level 7. HP: 52/59 MP: 7/7
  5838 | D:5      | Noticed a steam dragon
  5839 | D:5      | Noticed a steam dragon
  5886 | D:5      | HP: 1/59 [steam dragon/ball of steam (16)]
  7123 | D:6      | Found a radiant altar of Vehumet.
  7195 | D:6      | HP: 2/61 [orc priest/divine providence (13)]
  7212 | D:7      | Reached skill level 5 in Dodging
  7494 | D:7      | Noticed a hungry ghost
  7516 | D:7      | Killed a hungry ghost
  7516 | D:7      | Reached XP level 8. HP: 57/68 MP: 8/8
  9182 | D:6      | Found a staircase to the Ecumenical Temple.
  9387 | Temple   | Entered the Ecumenical Temple
  9493 | Temple   | Became a worshipper of Gozag Ym Sagoz the Greedy
  9969 | D:8      | Reached XP level 9. HP: 76/78 MP: 9/9
  9994 | D:8      | Reached skill level 10 in Fighting
 10662 | D:8      | Found a sparkling altar of Nemelex Xobeh.
 10668 | D:8      | Found a shattered altar of Ashenzari.
 10675 | D:8      | Found a snail-covered altar of Cheibriados.
 11792 | D:9      | Found a bloodstained altar of Trog.
 11991 | D:9      | Reached skill level 1 in Armour
 12497 | D:10     | Entered Level 10 of the Dungeon
 12511 | D:10     | Reached XP level 10. HP: 84/87 MP: 10/10
 12709 | D:10     | Noticed a death yak
 12728 | D:10     | Killed a death yak
 12728 | D:10     | Reached skill level 5 in Maces & Flails
 12960 | D:10     | Noticed a death yak
 12966 | D:10     | Noticed a death yak
 12979 | D:10     | Killed a death yak
 13271 | D:10     | Killed a death yak
 13286 | D:10     | Reached XP level 11. HP: 61/93 MP: 11/11
 13301 | D:10     | Reached skill level 5 in Armour
 13644 | D:10     | Found a staircase to the Lair.
 14125 | D:11     | Noticed a two-headed ogre
 14666 | D:11     | Upgraded the game from 0.23-a0-171-g5ae17c6 to
                  | 0.23-a0-175-g97aacdb
 14789 | D:11     | Noticed a cyan ugly thing
 14797 | D:11     | Killed a cyan ugly thing
 14993 | D:11     | HP: 3/93 [something (6)]
 15006 | D:11     | Killed an unseen horror
 15295 | D:11     | Found a runed gate.
 15297 | D:11     | Found a runed gate.
 15297 | D:11     | Found a runed gate.
 15297 | D:11     | Noticed a nine-headed hydra
 15297 | D:11     | Noticed Onwoduhi's ghost (journeyman MiBe)
 15357 | D:11     | Killed a two-headed ogre
 15710 | D:11     | Identified the Grimoire of Bewitching Companions
 16708 | D:11     | Found a staircase to the Orcish Mines.
 16887 | Lair:1   | Entered Level 1 of the Lair of Beasts
 17379 | Lair:1   | Reached skill level 10 in Maces & Flails
 17748 | Lair:1   | Reached XP level 12. HP: 68/100 MP: 12/12
 18622 | Lair:2   | Noticed a four-headed hydra
 18630 | Lair:2   | Killed a four-headed hydra
 18644 | Lair:2   | Identified the Tome of Confrontation
 19760 | Lair:3   | Found a hole to the Spider Nest.
 20301 | Lair:3   | Noticed a death yak
 20301 | Lair:3   | Noticed a death yak
 20303 | Lair:3   | Noticed a death yak
 20304 | Lair:3   | Noticed a death yak
 20353 | Lair:2   | Killed a death yak
 20503 | Lair:3   | Killed a death yak
 20981 | Lair:3   | Noticed a death yak
 20998 | Lair:3   | Killed a death yak
 20998 | Lair:3   | Gained mutation: You are in touch with the powers of death.
                  | [Mummy growth]
 20998 | Lair:3   | Reached XP level 13. HP: 93/106 MP: 13/13
 22186 | Lair:4   | Found a staircase to the Shoals.
 24009 | Lair:6   | Entered Level 6 of the Lair of Beasts
 24970 | Lair:6   | Reached skill level 10 in Armour
 25477 | Lair:5   | Reached XP level 14. HP: 76/113 MP: 14/14
 26167 | Lair:6   | Identified a scroll of acquirement
 26171 | Lair:6   | Found the +0 Maxwell's etheric cage {RegenMP+ *Contam rElec
                  | MP+4}
 26613 | Lair:6   | Found a shimmering altar of Xom.
 26720 | Lair:6   | Found a viscous altar of Jiyva.
 26720 | Lair:6   | Found a staircase to the Slime Pits.
 28188 | D:4      | Bought a glowing chain mail for 225 gold pieces
 28754 | D:12     | Found Metacw's Elemental Accessories.
 29416 | D:13     | Noticed Rupert
 30008 | D:13     | Noticed Urug
 30029 | D:13     | Killed Urug
 30045 | D:13     | Killed Rupert
 30888 | D:13     | Reached XP level 15. HP: 93/124 MP: 15/15
 31521 | D:14     | Found a gate to the Vaults.
 31783 | D:15     | Entered Level 15 of the Dungeon
 32080 | D:15     | Found a frozen archway.
 32179 | IceCv    | Entered an ice cave
 32893 | IceCv    | Noticed a frost giant
 32908 | IceCv    | Killed a frost giant
 33076 | IceCv    | Got a fine hat
 33299 | D:15     | Got a polished hat
 33486 | D:15     | Identified the cursed -3 hat of the Sunfish {-Cast Str+6
                  | Int+4 Dex-4} (You found it in an ice cave)
 33497 | D:15     | Identified the +2 hat of Fun {rC+ MR+ Regen+} (You acquired
                  | it on level 15 of the Dungeon)
 34203 | D:15     | Found a staircase to the Depths.
 34700 | Orc:1    | Entered Level 1 of the Orcish Mines
 34804 | Orc:1    | Reached skill level 15 in Fighting
 34940 | Orc:1    | Found Izxaetan's Magic Scroll Boutique.
 34952 | Orc:1    | Bought a scroll of acquirement for 884 gold pieces
 34952 | Orc:1    | Bought a scroll of magic mapping for 59 gold pieces
 34952 | Orc:1    | Bought a scroll of teleportation for 51 gold pieces
 34952 | Orc:1    | Bought a scroll of teleportation for 51 gold pieces
 35247 | Orc:2    | Entered Level 2 of the Orcish Mines
 35734 | Orc:2    | Reached XP level 16. HP: 117/136 MP: 16/16
 35797 | Orc:2    | Found a staircase to the Elven Halls.
 36178 | Orc:2    | Found Dyuziepn's Magic Scroll Boutique.
 36182 | Orc:2    | Found Gusmilia's Distillery.
 36186 | Orc:2    | Bought a scroll of blinking for 105 gold pieces
 36186 | Orc:2    | Bought a scroll of teleportation for 42 gold pieces
 36186 | Orc:2    | Bought a scroll of enchant armour for 105 gold pieces
 36188 | Orc:2    | Found Biohe's Antique Weapon Emporium.
 36190 | Orc:2    | Found Rutsy's Weapon Boutique.
 36200 | Orc:2    | Bought a jewelled dire flail for 288 gold pieces
 36200 | Orc:2    | Identified the +8 dire flail of Zoclonus {freeze, rElec
                  | Str+4} (You bought it in a shop on level 2 of the Orcish
                  | Mines)
 36824 | Spider:1 | Entered Level 1 of the Spider Nest
 36944 | Spider:1 | Noticed Louise
 36982 | Spider:1 | Killed Louise
 37457 | Spider:1 | Noticed Frances
 37504 | Spider:1 | Killed Frances
 39073 | Spider:2 | Found the +3 pair of gauntlets of War {Slay+5}
 39776 | Spider:2 | Reached skill level 1 in Evocations
 40228 | Spider:3 | Reached XP level 17. HP: 131/144 MP: 18/18
 40977 | Spider:3 | Reached skill level 15 in Armour
 41603 | Spider:4 | Entered Level 4 of the Spider Nest
 42569 | Spider:4 | Reached skill level 10 in Dodging
 42654 | Spider:4 | Reached skill level 5 in Evocations
 43997 | Spider:4 | Got a gossamer rune of Zot
 44087 | Spider:4 | Found a large runed door.
 44087 | Spider:4 | Found a large runed door.
 44089 | Spider:4 | Noticed TheNamelessOne's ghost (adept TeAE)
 44352 | Shoals:1 | Entered Level 1 of the Shoals
 44379 | Shoals:1 | Found Vinues Rouh's Assorted Antiques.
 44401 | Shoals:1 | Bought a sack of spiders for 600 gold pieces
 44401 | Shoals:1 | Bought a scroll labeled PEHEKH ABRAEDI for 30 gold pieces
 44401 | Shoals:1 | Bought a scroll of magic mapping for 105 gold pieces
 44540 | Shoals:1 | Reached XP level 18. HP: 151/151 MP: 22/22
 45530 | Shoals:2 | Found Minubant's General Store.
 45539 | Shoals:2 | Bought a scroll of identify for 30 gold pieces
 46121 | Shoals:3 | Found Ryhiadgh's Assorted Antiques.
 46127 | Shoals:3 | Bought a scroll of identify for 46 gold pieces
 46127 | Shoals:3 | Bought 2 scrolls of teleportation for 138 gold pieces
 46127 | Shoals:3 | Bought a runed plate armour for 598 gold pieces
 46540 | Shoals:3 | Noticed Polyphemus
 46583 | Shoals:3 | Killed Polyphemus
 46589 | Shoals:3 | HP: 3/151 [catoblepas[Polyphemus] (9)]
 46589 | Shoals:3 | Slain by a death yak

Vault maps used:
D:1:      sevenhm_arrival_forest_fort_small_3, nrook_loot_triangle,
          palyth_stone_intersect
D:2:      first_ration
D:3:      uniq_terence, uniq_robin
D:4:      cheibrodos_sewer_entry_drain, serial_shops, shop_coins
D:5:      kennysheep_steamy, serial_shops, nicolae_shop_waterfront
D:6:      lemuel_coloured_pillars_altar, minmay_temple_entry_overgrown
D:7:      kennysheep_generic_room_5
D:8:      gammafunk_temple_overflow_forgotten
D:9:      the_bakery, bloody_trog
D:10:     dpeg_lair_monsters, kennysheep_generic_room_8
D:11:     erik_orc_2, gammafunk_ghost_hydra_chop
D:12:     minmay_misc_feat_plants, grunt_ministairs_10, nicolae_elemental_shop
D:13:     minmay_stepped, uniq_urug, uniq_rupert
D:14:     david_vaults_5, minmay_misc_feat_encased
D:15:     gammafunk_depths_entry_grave, portal_ice_cave_entry_pillars_2,
          serial_park_square3
Temple:   dpeg_five_rooms_temple
Lair:1:   grunt_megastairs_5
Lair:2:   cheibrodos_lair_reptile_den, grunt_megastairs_3, lemuel_fruit_fields
Lair:3:   nicolae_spider_entry_tight_spaces, hibernation_bobbens
Lair:4:   minmay_shoals_entry_lonely_mermaid, minmay_holes
Lair:6:   hangedman_lair_tendril_chambers, guppyfry_lair_end_dragon,
          slime_altar_1, lemuel_oklob_altar, serial_bayou_shore_b
Shoals:1: serial_shops, shop
Shoals:2: serial_shops, shop
Shoals:3: ebering_ghost_inner_flame, serial_shops, shop,
          nicolae_shoals_hunting_party, uniq_polyphemus
Spider:1: zaba_antful_of_joy, uniq_louise, uniq_frances
Spider:3: nicolae_spider_corner, nicolae_spider_cling_halls
Spider:4: grunt_spider_rune_circles, ebering_ghost_disaster_area,
          nicolae_spider_circle_web
Orc:1:    serial_shops, shop_scrolls
Orc:2:    st_orc_elflike, roderic_batcave, rock_pile
Sewer:    sewer_minmay_treatment
IceCv:    ice_cave_small_giant

Skill      XL: |  1  2  3  4  5  6  7  8  9 10 11 12 13 14 15 16 17 18 |
---------------+-------------------------------------------------------+-----
Fighting       | 3 4 5 6 8 9 11 13 15 16 | 16.0
Dodging        | 3 4 5 6 7 9 10 11 | 11.4
Maces & Flails | 4 7 10 12 14 | 14.0
Armour         | 2 4 7 8 10 12 13 14 15 16 | 16.2
Evocations     | 2 6 7 |  7.8
Throwing       | |  1.5

Action                   |  1- 3 |  4- 6 |  7- 9 | 10-12 | 13-15 | 16-18 || total
-------------------------+-------+-------+-------+-------+-------+-------++-------
Melee: Flail             |   164 |   406 |   373 |       |       |       ||   943
       Mace              |       |    10 |   153 |       |       |       ||   163
       Dire flail        |       |       |    78 |   791 |  1915 |  1671 ||  4455
Throw: Throwing net      |       |       |     2 |     1 |     1 |       ||     4
Invok: Potion Petition   |       |       |       |     4 |     3 |     4 ||    11
Evoke: Wand              |       |       |       |     5 |    12 |     8 ||    25
       Phial of floods   |       |       |       |       |       |     1 ||     1
       Lamp of fire      |       |       |       |       |       |     1 ||     1
  Use: Scroll            |       |    10 |     5 |     4 |    15 |    11 ||    45
 Stab: Held in net/web   |       |       |     2 |       |       |       ||     2
       Distracted        |       |       |       |     2 |     7 |     5 ||    14
       Confused          |       |       |       |       |     2 |       ||     2
       Invisible         |       |       |       |       |       |     7 ||     7
       Petrified         |       |       |       |       |       |     2 ||     2
Armor: Leather armour    |    16 |       |       |       |       |       ||    16
       Scale mail        |    45 |       |       |       |       |       ||    45
       Plate armour      |    70 |   337 |   555 |   411 |   724 |  1184 ||  3281
Dodge: Dodged            |   106 |   142 |   310 |   321 |   878 |  1344 ||  3101
       Deflected         |       |       |       |       |     7 |    30 ||    37
Block: Other             |       |    26 |    62 |    33 |    86 |   120 ||   327
       Reflection        |       |     2 |     2 |     1 |     4 |     4 ||    13

Table legend:
 A = Non-vault XP
 B = Vault XP
 C = Vault XP percentage of total XP
 D = Non-vault monster count
 E = Vault monster count
 F = Vault count percentage of total count
                 A         B        C        D         E       F
            +---------+---------+-------+---------+---------+-------
      Total |  211130 |  122619 |  36.7 |     862 |     394 |  31.4
            +---------+---------+-------+---------+---------+-------
        D:1 |      40 |       0 |   0.0 |      23 |       0 |   0.0
        D:2 |      64 |       0 |   0.0 |      21 |       0 |   0.0
        D:3 |      72 |      74 |  50.7 |      26 |      14 |  35.0
        D:4 |     273 |       2 |   0.7 |      16 |       2 |  11.1
        D:5 |     528 |       0 |   0.0 |      20 |       0 |   0.0
        D:6 |     379 |     177 |  31.8 |      19 |       1 |   5.0
        D:7 |    1398 |     139 |   9.0 |      22 |       3 |  12.0
        D:8 |     826 |     187 |  18.5 |      19 |       1 |   5.0
        D:9 |    1117 |     205 |  15.5 |      23 |       1 |   4.2
       D:10 |    3611 |    3439 |  48.8 |      31 |       9 |  22.5
       D:11 |    5670 |     920 |  14.0 |      44 |      21 |  32.3
       D:12 |    2629 |     196 |   6.9 |      23 |       1 |   4.2
       D:13 |    4125 |   11378 |  73.4 |      18 |      14 |  43.8
       D:14 |    7250 |    2375 |  24.7 |      23 |       5 |  17.9
       D:15 |   13352 |    6055 |  31.2 |      36 |      16 |  30.8
     Lair:1 |    4008 |     858 |  17.6 |      16 |       3 |  15.8
     Lair:2 |    4793 |    2886 |  37.6 |      14 |      12 |  46.2
     Lair:3 |    6174 |    2782 |  31.1 |      20 |      10 |  33.3
     Lair:4 |    6225 |     522 |   7.7 |      19 |       1 |   5.0
     Lair:5 |    7882 |    2161 |  21.5 |      20 |       7 |  25.9
     Lair:6 |   16684 |   11568 |  40.9 |      49 |      43 |  46.7
   Shoals:1 |   15046 |       0 |   0.0 |      35 |       0 |   0.0
   Shoals:2 |   20110 |       0 |   0.0 |      37 |       0 |   0.0
   Shoals:3 |   10291 |    4590 |  30.8 |      19 |       3 |  13.6
   Spider:1 |   17851 |   11049 |  38.2 |      46 |      40 |  46.5
   Spider:2 |   16029 |    2673 |  14.3 |      58 |       5 |   7.9
   Spider:3 |   12382 |   21361 |  63.3 |      27 |      35 |  56.5
   Spider:4 |   21032 |   19047 |  47.5 |      47 |      30 |  39.0
      Orc:1 |    4950 |       0 |   0.0 |      35 |       0 |   0.0
      Orc:2 |    6339 |    8301 |  56.7 |      56 |      33 |  37.1
      Sewer |       0 |      92 | 100.0 |       0 |      48 | 100.0
      IceCv |       0 |    9582 | 100.0 |       0 |      36 | 100.0
            +---------+---------+-------+---------+---------+-------
